Wild vs Coyotes

Created - Thursday, December 17, 2015 at 03:29

Goals
1 2 3 T
Wild 3 1 1 5
Coyotes 1 3 3 7
Shots
1 2 3 T
Wild 24 5 8 37
Coyotes 12 16 16 44

1st period

1. Wild , Marcus Johansson 10 (Thomas Vanek) at 2:52
2. Wild , Brad Marchand 13 (Marcus Johansson, Luke Schenn) at 8:19
3. Coyotes , Michal Jordan 3 (Jonathan Marchessault, Shane Harper) at 9:07
4. Wild , Brad Marchand 14 (Jonathan Ericsson, Marek Zidlicky) at 11:52

Penalties :
Chris Phillips (Min) for Holding (Minor) at 12:52

2nd period

5. Coyotes , David Jones 9 (Elias Lindholm) at 4:05 (PP)
6. Wild , Max Talbot 3 (Patrik Elias) at 8:52
7. Coyotes , Elias Lindholm 11 (David Jones) at 9:14 (PP)
8. Coyotes , Elias Lindholm 12 (Eric Nystrom) at 16:06 (SH)

Penalties :
Brad Marchand (Min) for Roughing (Minor) at 3:36, Cody Franson (Min) for Interference (Minor) at 3:52, Max Talbot (Min) for Cross-checking (Minor) at 9:11, R.J. Umberger (Ari) for Roughing (Minor) at 10:36, Mark Borowiecki (Ari) for Roughing (Minor) at 15:05

3rd period

9. Coyotes , Tobias Rieder 2 (R.J. Umberger, Andrej Sustr) at 0:49
10. Coyotes , Elias Lindholm 13 (David Jones) at 5:58
11. Coyotes , David Jones 10 (Elias Lindholm, Eric Nystrom) at 15:59 (PP)
12. Wild , Derek Stepan 5 (Cody Franson, Luke Schenn) at 17:52

Penalties :
Derek Stepan (Min) for Tripping (Minor) at 7:03, Cody Franson (Min) for Hooking (Minor) at 9:47, T.J. Brennan (Ari) for Slashing (Minor) at 11:44, Derek Stepan (Min) for Tripping (Minor) at 14:52

Goalie Stats

Niklas Backstrom (Min), 37 saves from 44 shots - (0.841), L, 0-6-1, 60:00 minutes
Magnus Hellberg (Ari), 32 saves from 37 shots - (0.865), W, 2-14-1, 60:00 minutes

Players Stats for Wild

Player Name              G  A  P  +/- PIM S  H  SB GA TA FO     MP     PP MP  PK MP  
------------------------------------------------------------------------------------
Brad Marchand            2  0  2   2  2   5  3  0  1  1  1/1    17:42   3:05   2:26 
Chris Phillips           0  0  0   0  2   0  2  2  0  2  0/0    20:00   2:27   4:14 
Cody Franson             0  1  1   0  4   2  1  2  1  0  0/0    24:57   4:02   1:38 
Cody McCormick           0  0  0  -1  0   0  3  2  0  0  6/9    21:14   2:50   6:10 
Craig Cunningham         0  0  0   1  0   1  1  0  0  0  1/1    12:21   0:00   0:39 
Dale Weise               0  0  0  -1  0   3  2  0  0  0  0/0     8:15   0:00   0:00 
Dana Tyrell              0  0  0  -2  0   1  0  0  0  0  1/4    11:20   3:05   0:00 
Derek Stepan             1  0  1  -1  4   2  1  1  3  0  7/12   14:07   0:00   1:16 
Jonathan Ericsson        0  1  1   1  0   2  0  2  0  0  0/0    13:03   0:00   0:30 
Jordan Eberle            0  0  0  -1  0   0  0  0  3  0  0/0    11:26   0:00   0:00 
Luke Schenn              0  2  2   1  0   1  1  5  0  2  0/0    25:08   1:53   4:35 
Marcus Johansson         1  1  2   3  0   3  1  0  3  0  8/18   17:38   2:50   1:45 
Marek Zidlicky           0  1  1   1  0   3  1  0  1  0  0/0    12:31   0:00   0:00 
Mark Streit              0  0  0  -1  0   1  0  2  1  0  0/0    25:02   3:28   7:42 
Max Talbot               1  0  1   1  2   4  0  0  0  2  1/2    11:41   0:00   0:00 
Patrik Elias             0  1  1   0  0   4  0  0  3  0  11/17  14:47   3:05   0:00 
Thomas Vanek             0  1  1   3  0   3  1  0  4  0  1/1    20:51   2:50   6:11 
Tuomo Ruutu              0  0  0  -1  0   2  1  0  1  1  1/1     8:15   0:00   0:00 

Players Stats for Coyotes

Player Name              G  A  P  +/- PIM S  H  SB GA TA FO     MP     PP MP  PK MP  
------------------------------------------------------------------------------------
Andrej Sustr             0  1  1   1  0   3  1  0  0  1  0/0    16:49   0:00   0:00 
Bobby Butler             0  0  0  -2  0   5  2  0  3  0  0/0     7:50   0:00   0:00 
Carter Ashton            0  0  0  -2  0   1  0  1  0  0  0/0     7:50   0:00   0:00 
David Jones              2  2  4  -1  0   2  2  1  1  1  0/0    18:03   4:52   0:35 
Elias Lindholm           3  2  5   0  0   6  2  0  2  0  14/28  22:20   4:52   4:22 
Eric Nystrom             0  2  2   0  0   2  1  1  0  2  0/1    22:03   4:52   4:05 
Gabriel Dumont           0  0  0  -1  0   4  2  0  2  0  7/13   18:09   0:00   0:00 
Henrik Tommernes         0  0  0  -1  0   0  0  0  0  1  0/0     9:38   0:00   0:00 
Jacob De La Rose         0  0  0   0  0   1  0  0  0  1  0/0     0:58   0:00   0:58 
Jonathan Marchessault    0  1  1   1  0   1  1  0  1  0  0/0    10:19   0:00   0:00 
Mark Borowiecki          0  0  0  -2  2   1  6  1  0  1  0/0    22:37   3:37   1:37 
Michal Jordan            1  0  1   1  0   3  0  1  1  2  0/0    24:46   3:37   4:48 
R.J. Umberger            0  1  1   0  2   5  2  0  2  0  1/3    18:49   4:28   0:35 
Rob Klinkhammer          0  0  0   0  0   2  3  0  3  0  0/2    17:27   4:28   0:00 
Shane Harper             0  1  1   1  0   2  0  1  0  1  1/7    16:35   4:28   1:15 
T.J. Brennan             0  0  0   1  2   0  2  1  0  3  0/0    25:16   5:42   1:09 
Tobias Rieder            1  0  1   0  0   5  0  0  2  0  5/12   12:26   0:00   0:00 
Yannick Weber            0  0  0  -2  0   1  0  2  1  2  0/0    22:05   5:43   4:16 

3 Stars

1 - Elias Lindholm (Ari)
2 - David Jones (Ari)
3 - Brad Marchand (Min)

Power Play

Wild - 0 on 3 Attempt(s) - 0.00%
Coyotes - 3 on 7 Attempt(s) - 42.86%

Penalty Kill

Wild - 4 on 7 Attempt(s) - 57.14% - Score 0 goal in Penalty Kill
Coyotes - 3 on 3 Attempt(s) - 100.00% - Score 1 goal in Penalty Kill

Team Stat

Wild - Hits : 18 - Faceoff Wins : 38 - Blocked Shots : 16 - Penalty Minutes : 14
Coyotes - Hits : 24 - Faceoff Wins : 28 - Blocked Shots : 9 - Penalty Minutes : 6

Official

Referees : Unknown
Linesman : Unknown

Game Notes

Elias Lindholm has scored a Hat Trick!

Finance

Level 1 -- Attendance: 4255 (70.92%) -- Ticket Income $391,460
Level 2 -- Attendance: 3590 (71.80%) -- Ticket Income $215,400
Level 3 -- Attendance: 1472 (73.60%) -- Ticket Income $47,104
Level 4 -- Attendance: 2866 (71.65%) -- Ticket Income $57,320
Luxury Box -- Attendance: 797 (79.70%) -- Ticket Income $147,445
Game was played at the Glendale Arena.
Total Attendance: 12980 (72.11%)
Total Ticket Income: $858,729
Other Income: $420,777
Total Income: $1,279,506

Wild

5 vs 5 Forward 
   Center                   Left Wing                Right Wing               Time % Phy DF OF 
 1 Marcus Johansson         Brad Marchand            Thomas Vanek             35     1   2  2  
 2 Derek Stepan             Cody McCormick           Jordan Eberle            30     1   2  2  
 3 Patrik Elias             Max Talbot               Craig Cunningham         22     1   2  2  
 4 Dana Tyrell              Tuomo Ruutu              Dale Weise               13     1   2  2  

5 vs 5 Defense 
   Defense                  Defense                                           Time % Phy DF OF 
 1 Cody Franson             Luke Schenn                                       35     1   2  2  
 2 Mark Streit              Chris Phillips                                    30     1   2  2  
 3 Jonathan Ericsson        Marek Zidlicky                                    22     1   2  2  
 4 Cody Franson             Luke Schenn                                       13     1   2  2  

PowerPlay Forward 
   Center                   Left Wing                Right Wing               Time % Phy DF OF 
 1 Marcus Johansson         Thomas Vanek             Cody McCormick           60     1   2  2  
 2 Patrik Elias             Brad Marchand            Dana Tyrell              40     1   2  2  

PowerPlay Defense
   Defense                  Defense                                           Time % Phy DF OF 
 1 Cody Franson             Mark Streit                                       60     1   2  2  
 2 Luke Schenn              Chris Phillips                                    40     1   2  2  

Penalty Kill 4 Players Forward 
   Center                   Wing                     Time % Phy DF OF 
 1 Cody McCormick           Thomas Vanek             60     1   2  2  
 2 Derek Stepan             Brad Marchand            40     1   2  2  

Penalty Kill 4 Players Defense
   Defense                  Defense                  Time % Phy DF OF 
 1 Chris Phillips           Mark Streit              60     1   2  2  
 2 Luke Schenn              Cody Franson             40     1   2  2  

Penalty Kill - 3 Players Forward 
   Forward                                           Time % Phy DF OF 
 1 Cody McCormick                                    60     1   2  2  
 2 Thomas Vanek                                      40     1   2  2  

Penalty Kill - 3 Players Defense
   Defense                  Defense                  Time % Phy DF OF 
 1 Chris Phillips           Mark Streit              60     1   2  2  
 2 Luke Schenn              Cody Franson             40     1   2  2  

4 vs 4 Forward 
   Center                   Wing                     Time % Phy DF OF 
 1 Cody McCormick           Thomas Vanek             60     1   2  2  
 2 Marcus Johansson         Brad Marchand            40     1   2  2  

4 vs 4 Defense
   Defense                  Defense                  Time % Phy DF OF 
 1 Cody Franson             Mark Streit              60     1   2  2  
 2 Luke Schenn              Chris Phillips           40     1   2  2  

Last Minutes Offensive
   Center                   Left Wing                Right Wing               Defense                  Defense                  
   Marcus Johansson         Brad Marchand            Jordan Eberle            Cody Franson             Mark Streit              

Last Minutes Defensive
   Center                   Left Wing                Right Wing               Defense                  Defense                  
   Cody McCormick           Patrik Elias             Craig Cunningham         Chris Phillips           Luke Schenn              

Goaltenders
Starting : Niklas Backstrom         
Backup : Ryan Miller              

Extra Forwards
Normal : Derek Stepan, Cody McCormick, Thomas Vanek - PP : Jordan Eberle, Cody McCormick - PK : Marcus Johansson
Extra Defensemen
Normal : Cody Franson, Chris Phillips, Luke Schenn - PP : Chris Phillips - PK : Chris Phillips, Luke Schenn
Penalty Shots
Jordan Eberle, Thomas Vanek, Derek Stepan, Brad Marchand, Cody McCormick

Coyotes

5 vs 5 Forward 
   Center                   Left Wing                Right Wing               Time % Phy DF OF 
 1 Elias Lindholm           Eric Nystrom             David Jones              35     1   2  2  
 2 Tobias Rieder            Rob Klinkhammer          R.J. Umberger            30     1   2  2  
 3 Gabriel Dumont           Jonathan Marchessault    Shane Harper             22     1   2  2  
 4 Gabriel Dumont           Carter Ashton            Bobby Butler             13     1   2  2  

5 vs 5 Defense 
   Defense                  Defense                                           Time % Phy DF OF 
 1 Andrej Sustr             T.J. Brennan                                      35     1   2  2  
 2 Mark Borowiecki          Yannick Weber                                     30     1   2  2  
 3 Henrik Tommernes         Michal Jordan                                     22     1   2  2  
 4 Mark Borowiecki          Michal Jordan                                     13     1   2  2  

PowerPlay Forward 
   Center                   Left Wing                Right Wing               Time % Phy DF OF 
 1 Elias Lindholm           Eric Nystrom             David Jones              60     1   2  2  
 2 Shane Harper             Rob Klinkhammer          R.J. Umberger            40     1   2  2  

PowerPlay Defense
   Defense                  Defense                                           Time % Phy DF OF 
 1 T.J. Brennan             Yannick Weber                                     60     1   2  2  
 2 Mark Borowiecki          Michal Jordan                                     40     1   2  2  

Penalty Kill 4 Players Forward 
   Center                   Wing                     Time % Phy DF OF 
 1 Elias Lindholm           Eric Nystrom             60     1   2  2  
 2 David Jones              R.J. Umberger            40     1   2  2  

Penalty Kill 4 Players Defense
   Defense                  Defense                  Time % Phy DF OF 
 1 Mark Borowiecki          Michal Jordan            60     1   2  2  
 2 T.J. Brennan             Yannick Weber            40     1   2  2  

Penalty Kill - 3 Players Forward 
   Forward                                           Time % Phy DF OF 
 1 Elias Lindholm                                    60     1   2  2  
 2 Eric Nystrom                                      40     1   2  2  

Penalty Kill - 3 Players Defense
   Defense                  Defense                  Time % Phy DF OF 
 1 Mark Borowiecki          Michal Jordan            60     1   2  2  
 2 Andrej Sustr             Yannick Weber            40     1   2  2  

4 vs 4 Forward 
   Center                   Wing                     Time % Phy DF OF 
 1 Elias Lindholm           Eric Nystrom             60     1   2  2  
 2 R.J. Umberger            David Jones              40     1   2  2  

4 vs 4 Defense
   Defense                  Defense                  Time % Phy DF OF 
 1 Mark Borowiecki          T.J. Brennan             60     1   2  2  
 2 Yannick Weber            Michal Jordan            40     1   2  2  

Last Minutes Offensive
   Center                   Left Wing                Right Wing               Defense                  Defense                  
   Elias Lindholm           Eric Nystrom             David Jones              Andrej Sustr             Yannick Weber            

Last Minutes Defensive
   Center                   Left Wing                Right Wing               Defense                  Defense                  
   Elias Lindholm           Eric Nystrom             David Jones              Andrej Sustr             Mark Borowiecki          

Goaltenders
Starting : Magnus Hellberg          
Backup : Andrey Makarov           

Extra Forwards
Normal : Jonathan Marchessault, Bobby Butler, Shane Harper - PP : R.J. Umberger, Gabriel Dumont - PK : Shane Harper
Extra Defensemen
Normal : Michal Jordan, T.J. Brennan, Yannick Weber - PP : Yannick Weber - PK : Michal Jordan, Yannick Weber
Penalty Shots
Elias Lindholm, Eric Nystrom, David Jones, Gabriel Dumont, R.J. Umberger

% Time on Ice - Wild

Lines # - Real PCT - Wanted PCT - Time Play
Normal Forward
1 - 30% - 35% - 13:20
2 - 26% - 30% - 11:26
3 - 26% - 22% - 11:42
4 - 18% - 13% - 8:15
Normal Defense
1 - 34% - 35% - 15:03
2 - 29% - 30% - 12:46
3 - 28% - 22% - 12:31
4 - 10% - 13% - 4:23
PP Forward
1 - 48% - 60% - 2:50
2 - 52% - 40% - 3:05
PP Defense
1 - 68% - 60% - 4:02
2 - 32% - 40% - 1:53
PK Forward
1 - 81% - 60% - 7:22
2 - 19% - 40% - 1:45
PK Defense
1 - 61% - 60% - 5:33
2 - 39% - 40% - 3:34
PK3 Forward
1 - 100% - 60% - 0:13
2 - 0% - 40% - 0:00
PK3 Defense
1 - 100% - 60% - 0:13
2 - 0% - 40% - 0:00
44 Forward
1 - 100% - 60% - 0:02
2 - 0% - 40% - 0:00
44 Defense
1 - 100% - 60% - 0:02
2 - 0% - 40% - 0:00
Last Minute Offensive  - 0:00
Last Minute Defensive  - 0:00
Total
Forward - 60:00
Defense - 60:00

% Time on Ice - Coyotes

Lines # - Real PCT - Wanted PCT - Time Play
Normal Forward
1 - 29% - 35% - 13:04
2 - 30% - 30% - 13:30
3 - 23% - 22% - 10:19
4 - 18% - 13% - 7:50
Normal Defense
1 - 39% - 35% - 17:37
2 - 28% - 30% - 12:37
3 - 22% - 22% - 9:38
4 - 11% - 13% - 4:51
PP Forward
1 - 52% - 60% - 4:52
2 - 48% - 40% - 4:28
PP Defense
1 - 61% - 60% - 5:43
2 - 39% - 40% - 3:37
PK Forward
1 - 90% - 60% - 5:20
2 - 10% - 40% - 0:35
PK Defense
1 - 61% - 60% - 3:36
2 - 39% - 40% - 2:19
PK3 Forward
1 - 0% - 60%
2 - 0% - 40%
PK3 Defense
1 - 0% - 60%
2 - 0% - 40%
44 Forward
1 - 100% - 60% - 0:02
2 - 0% - 40% - 0:00
44 Defense
1 - 100% - 60% - 0:02
2 - 0% - 40% - 0:00
Last Minute Offensive  - 0:00
Last Minute Defensive  - 0:00
Total
Forward - 60:00
Defense - 60:00

Play by Play

1st period


0:01 of 1st period - Elias Lindholm wins face-off versus Marcus Johansson in neutral zone.
0:12 of 1st period - Slapshot by Brad Marchand.
0:12 of 1st period - Shot Blocked by David Jones.
0:14 of 1st period - Snap shot by Cody Franson.
0:14 of 1st period - Deflect By Thomas Vanek.
0:14 of 1st period - Stopped by Magnus Hellberg with a rebound.
0:28 of 1st period - Wrist shot by Brad Marchand.
0:28 of 1st period - Stopped by Magnus Hellberg without a rebound.
0:29 of 1st period - Derek Stepan wins face-off versus Rob Klinkhammer in Coyotes zone.
0:56 of 1st period - Snap shot by Tobias Rieder.
0:56 of 1st period - Stopped by Niklas Backstrom with a rebound.
0:58 of 1st period - Wrist shot by R.J. Umberger.
0:58 of 1st period - Shot Misses the Net.
1:18 of 1st period - Snap shot by Shane Harper.
1:18 of 1st period - Stopped by Niklas Backstrom with a rebound.
1:20 of 1st period - Slapshot by Michal Jordan.
1:20 of 1st period - Shot Misses the Net.
1:28 of 1st period - Snap shot by Gabriel Dumont.
1:28 of 1st period - Shot Misses the Net.
1:30 of 1st period - Slapshot by Michal Jordan.
1:30 of 1st period - Shot Misses the Net.
1:32 of 1st period - Slapshot by Michal Jordan.
1:32 of 1st period - Deflect By Shane Harper.
1:32 of 1st period - Shot Misses the Net.
1:32 of 1st period - Puck is out of play.
1:33 of 1st period - Patrik Elias wins face-off versus Elias Lindholm in Wild zone.
1:33 of 1st period - Patrik Elias is hit by Elias Lindholm.
1:40 of 1st period - Off-side.
1:41 of 1st period - Patrik Elias wins face-off versus Elias Lindholm in neutral zone.
2:38 of 1st period - Marek Zidlicky is hit by Mark Borowiecki and loses puck.
2:52 of 1st period - Snap shot by Marcus Johansson.
2:52 of 1st period - Goal by Marcus Johansson - Wild : 1 - Coyotes : 0.
2:53 of 1st period - Shane Harper wins face-off versus Dana Tyrell in neutral zone.
2:58 of 1st period - Snap shot by Jonathan Marchessault.
2:58 of 1st period - Shot Misses the Net.
3:04 of 1st period - Gabriel Dumont is hit by Tuomo Ruutu.
3:20 of 1st period - Snap shot by Tuomo Ruutu.
3:20 of 1st period - Stopped by Magnus Hellberg with a rebound.
3:22 of 1st period - Wrist shot by Dana Tyrell.
3:22 of 1st period - Stopped by Magnus Hellberg without a rebound.
3:23 of 1st period - Marcus Johansson wins face-off versus Tobias Rieder in Coyotes zone.
3:24 of 1st period - Wrist shot by Brad Marchand.
3:24 of 1st period - Deflect By Marcus Johansson.
3:24 of 1st period - Shot Misses the Net.
3:24 of 1st period - Puck is out of play.
3:25 of 1st period - Marcus Johansson wins face-off versus Tobias Rieder in Coyotes zone.
4:40 of 1st period - Snap shot by Gabriel Dumont.
4:40 of 1st period - Stopped by Niklas Backstrom without a rebound.
4:41 of 1st period - Patrik Elias wins face-off versus Elias Lindholm in Wild zone.
5:00 of 1st period - Icing by Max Talbot.
5:01 of 1st period - Elias Lindholm wins face-off versus Max Talbot in Wild zone.
5:21 of 1st period - Slapshot by Elias Lindholm.
5:21 of 1st period - Stopped by Niklas Backstrom with a rebound.
5:49 of 1st period - Luke Schenn is hit by Gabriel Dumont and loses puck.
5:56 of 1st period - Shane Harper is hit by Brad Marchand and loses puck.
6:07 of 1st period - Icing by Marek Zidlicky.
6:08 of 1st period - Marcus Johansson wins face-off versus Tobias Rieder in Wild zone.
6:13 of 1st period - Snap shot by R.J. Umberger.
6:13 of 1st period - Stopped by Niklas Backstrom without a rebound.
6:14 of 1st period - Tobias Rieder wins face-off versus Dana Tyrell in Wild zone.
7:07 of 1st period - Jordan Eberle is hit by Bobby Butler and loses puck.
7:14 of 1st period - Andrej Sustr is hit by Cody McCormick.
7:15 of 1st period - Icing by Andrej Sustr.
7:16 of 1st period - Gabriel Dumont wins face-off versus Derek Stepan in Coyotes zone.
7:16 of 1st period - Gabriel Dumont is hit by Cody Franson.
8:19 of 1st period - Snap shot by Brad Marchand.
8:19 of 1st period - Goal by Brad Marchand - Wild : 2 - Coyotes : 0.
8:20 of 1st period - Max Talbot wins face-off versus Tobias Rieder in neutral zone.
8:24 of 1st period - Off-side.
8:25 of 1st period - Patrik Elias wins face-off versus R.J. Umberger in neutral zone.
8:30 of 1st period - Snap shot by Patrik Elias.
8:30 of 1st period - Stopped by Magnus Hellberg with a rebound.
8:32 of 1st period - Wrist shot by Max Talbot.
8:32 of 1st period - Shot Misses the Net.
8:44 of 1st period - Slapshot by Mark Streit.
8:44 of 1st period - Stopped by Magnus Hellberg without a rebound.
8:45 of 1st period - Gabriel Dumont wins face-off versus Cody McCormick in Coyotes zone.
9:07 of 1st period - Slapshot by Michal Jordan.
9:07 of 1st period - Goal by Michal Jordan - Wild : 2 - Coyotes : 1.
9:08 of 1st period - Elias Lindholm wins face-off versus Marcus Johansson in neutral zone.
9:39 of 1st period - Wrist shot by Marcus Johansson.
9:39 of 1st period - Shot Misses the Net.
9:41 of 1st period - Slapshot by Brad Marchand.
9:41 of 1st period - Stopped by Magnus Hellberg with a rebound.
10:01 of 1st period - Mark Borowiecki is hit by Derek Stepan and loses puck.
10:16 of 1st period - Wrist shot by Jonathan Marchessault.
10:16 of 1st period - Shot Blocked by Cody McCormick.
10:18 of 1st period - Wrist shot by Jonathan Marchessault.
10:18 of 1st period - Shot Misses the Net.
10:20 of 1st period - Snap shot by Gabriel Dumont.
10:20 of 1st period - Stopped by Niklas Backstrom without a rebound.
10:21 of 1st period - Patrik Elias wins face-off versus Tobias Rieder in Wild zone.
10:32 of 1st period - Snap shot by Tobias Rieder.
10:32 of 1st period - Stopped by Niklas Backstrom without a rebound.
10:33 of 1st period - Tobias Rieder wins face-off versus Patrik Elias in Wild zone.
10:34 of 1st period - Wrist shot by Rob Klinkhammer.
10:34 of 1st period - Stopped by Niklas Backstrom without a rebound.
10:35 of 1st period - Patrik Elias wins face-off versus Rob Klinkhammer in Wild zone.
10:56 of 1st period - Snap shot by Rob Klinkhammer.
10:56 of 1st period - Stopped by Niklas Backstrom with a rebound.
11:48 of 1st period - Slapshot by Marek Zidlicky.
11:48 of 1st period - Stopped by Magnus Hellberg with a rebound.
11:50 of 1st period - Snap shot by Jonathan Ericsson.
11:50 of 1st period - Stopped by Magnus Hellberg with a rebound.
11:52 of 1st period - Wrist shot by Brad Marchand.
11:52 of 1st period - Goal by Brad Marchand - Wild : 3 - Coyotes : 1.
11:53 of 1st period - Dana Tyrell wins face-off versus Gabriel Dumont in neutral zone.
12:24 of 1st period - Wrist shot by Shane Harper.
12:24 of 1st period - Stopped by Niklas Backstrom with a rebound.
12:30 of 1st period - Gabriel Dumont is hit by Dale Weise.
12:44 of 1st period - Jordan Eberle is hit by Rob Klinkhammer and loses puck.
12:52 of 1st period - Minor Penalty to Chris Phillips for Holding.
12:53 of 1st period - Cody McCormick wins face-off versus Elias Lindholm in Wild zone.
14:36 of 1st period - Derek Stepan is hit by Mark Borowiecki and loses puck.
14:51 of 1st period - Shane Harper is hit by Luke Schenn.
14:52 of 1st period - Penalty to Chris Phillips is over, Chris Phillips is back on ice.
15:41 of 1st period - Snap shot by Patrik Elias.
15:41 of 1st period - Stopped by Magnus Hellberg without a rebound.
15:42 of 1st period - Tuomo Ruutu wins face-off versus Gabriel Dumont in Coyotes zone.
15:45 of 1st period - Snap shot by Tuomo Ruutu.
15:45 of 1st period - Stopped by Magnus Hellberg with a rebound.
15:47 of 1st period - Snap shot by Dale Weise.
15:47 of 1st period - Stopped by Magnus Hellberg with a rebound.
15:49 of 1st period - Slapshot by Cody Franson.
15:49 of 1st period - Stopped by Magnus Hellberg with a rebound.
15:51 of 1st period - Slapshot by Cody Franson.
15:51 of 1st period - Stopped by Magnus Hellberg with a rebound.
15:53 of 1st period - Wrist shot by Cody Franson.
15:53 of 1st period - Shot Blocked by Carter Ashton.
15:55 of 1st period - Slapshot by Luke Schenn.
15:55 of 1st period - Stopped by Magnus Hellberg with a rebound.
15:57 of 1st period - Snap shot by Dale Weise.
15:57 of 1st period - Shot Blocked by T.J. Brennan.
16:09 of 1st period - Dale Weise is hit by Andrej Sustr and loses puck.
16:18 of 1st period - Wrist shot by Tuomo Ruutu.
16:18 of 1st period - Deflect By Dale Weise.
16:18 of 1st period - Stopped by Magnus Hellberg with a rebound.
16:34 of 1st period - Slapshot by Marek Zidlicky.
16:34 of 1st period - Stopped by Magnus Hellberg without a rebound.
16:35 of 1st period - Patrik Elias wins face-off versus Eric Nystrom in Coyotes zone.
16:42 of 1st period - Snap shot by Elias Lindholm.
16:42 of 1st period - Shot Blocked by Jonathan Ericsson.
16:55 of 1st period - Patrik Elias is hit by Eric Nystrom and loses puck.
17:04 of 1st period - Snap shot by Elias Lindholm.
17:04 of 1st period - Stopped by Niklas Backstrom without a rebound.
17:05 of 1st period - Marcus Johansson wins face-off versus Tobias Rieder in Wild zone.
17:14 of 1st period - Tobias Rieder is hit by Brad Marchand and loses puck.
17:49 of 1st period - Shane Harper is hit by Cody McCormick and loses puck.
18:43 of 1st period - Slapshot by Marek Zidlicky.
18:43 of 1st period - Stopped by Magnus Hellberg with a rebound.
18:45 of 1st period - Slapshot by Jonathan Ericsson.
18:45 of 1st period - Stopped by Magnus Hellberg without a rebound.
18:46 of 1st period - Patrik Elias wins face-off versus Elias Lindholm in Coyotes zone.
19:11 of 1st period - Slapshot by Cody Franson.
19:11 of 1st period - Shot Misses the Net.
19:13 of 1st period - Slapshot by Luke Schenn.
19:13 of 1st period - Shot Misses the Net.
19:15 of 1st period - Snap shot by Craig Cunningham.
19:15 of 1st period - Stopped by Magnus Hellberg with a rebound.
19:41 of 1st period - Wrist shot by Thomas Vanek.
19:41 of 1st period - Stopped by Magnus Hellberg without a rebound.
19:42 of 1st period - Tobias Rieder wins face-off versus Marcus Johansson in Coyotes zone.
Goals for this period are 3 for Wild vs 1 for Coyotes.
Shots for this period are 24 for Wild vs 12 for Coyotes.

2nd period


0:01 of 2nd period - Elias Lindholm wins face-off versus Derek Stepan in neutral zone.
0:06 of 2nd period - Cody McCormick is hit by Mark Borowiecki and loses puck.
0:11 of 2nd period - Snap shot by Elias Lindholm.
0:11 of 2nd period - Shot Hit the Post.
0:13 of 2nd period - Wrist shot by Michal Jordan.
0:13 of 2nd period - Shot Blocked by Luke Schenn.
0:15 of 2nd period - Snap shot by Eric Nystrom.
0:15 of 2nd period - Stopped by Niklas Backstrom with a rebound.
0:17 of 2nd period - Slapshot by Mark Borowiecki.
0:17 of 2nd period - Shot Misses the Net.
0:19 of 2nd period - Slapshot by Michal Jordan.
0:19 of 2nd period - Shot Blocked by Cody Franson.
0:21 of 2nd period - Snap shot by Michal Jordan.
0:21 of 2nd period - Deflect By Elias Lindholm.
0:21 of 2nd period - Shot Misses the Net.
0:21 of 2nd period - Puck is out of play.
0:22 of 2nd period - R.J. Umberger wins face-off versus Marcus Johansson in Wild zone.
0:31 of 2nd period - Wrist shot by Tobias Rieder.
0:31 of 2nd period - Stopped by Niklas Backstrom with a rebound.
2:07 of 2nd period - Cody Franson is hit by Mark Borowiecki and loses puck.
3:00 of 2nd period - Slapshot by Mark Streit.
3:00 of 2nd period - Deflect By Dale Weise.
3:00 of 2nd period - Stopped by Magnus Hellberg with a rebound.
3:36 of 2nd period - Minor Penalty to Brad Marchand for Roughing.
3:37 of 2nd period - Thomas Vanek wins face-off versus Elias Lindholm in Wild zone.
3:52 of 2nd period - Minor Penalty to Cody Franson for Interference.
3:53 of 2nd period - Elias Lindholm wins face-off versus Cody McCormick in Wild zone.
4:05 of 2nd period - Slapshot by David Jones.
4:05 of 2nd period - Goal by David Jones - Wild : 3 - Coyotes : 2.
4:06 of 2nd period - Cody McCormick wins face-off versus Elias Lindholm in neutral zone.
5:15 of 2nd period - Mark Streit is hit by R.J. Umberger and loses puck.
5:47 of 2nd period - Michal Jordan is hit by Thomas Vanek and loses puck.
5:52 of 2nd period - Penalty to Cody Franson is over, Cody Franson is back on ice.
5:59 of 2nd period - Slapshot by Michal Jordan.
5:59 of 2nd period - Shot Blocked by Luke Schenn.
6:41 of 2nd period - Bobby Butler is hit by Marek Zidlicky.
7:31 of 2nd period - Icing by Tobias Rieder.
7:32 of 2nd period - Tobias Rieder wins face-off versus Derek Stepan in Coyotes zone.
8:05 of 2nd period - Wrist shot by David Jones.
8:05 of 2nd period - Shot Blocked by Derek Stepan.
8:32 of 2nd period - Wrist shot by Gabriel Dumont.
8:32 of 2nd period - Stopped by Niklas Backstrom without a rebound.
8:33 of 2nd period - Gabriel Dumont wins face-off versus Patrik Elias in Wild zone.
8:38 of 2nd period - Wrist shot by Bobby Butler.
8:38 of 2nd period - Stopped by Niklas Backstrom with a rebound.
8:50 of 2nd period - Wrist shot by Max Talbot.
8:50 of 2nd period - Stopped by Magnus Hellberg with a rebound.
8:52 of 2nd period - Wrist shot by Max Talbot.
8:52 of 2nd period - Deflect By Yannick Weber.
8:52 of 2nd period - Goal by Max Talbot - Wild : 4 - Coyotes : 2.
8:53 of 2nd period - Patrik Elias wins face-off versus Elias Lindholm in neutral zone.
9:11 of 2nd period - Minor Penalty to Max Talbot for Cross-checking.
9:12 of 2nd period - Elias Lindholm wins face-off versus Cody McCormick in Wild zone.
9:14 of 2nd period - Snap shot by Elias Lindholm.
9:14 of 2nd period - Goal by Elias Lindholm - Wild : 4 - Coyotes : 3.
9:15 of 2nd period - Derek Stepan wins face-off versus Elias Lindholm in neutral zone.
9:37 of 2nd period - Mark Borowiecki is hit by Cody McCormick and loses puck.
9:47 of 2nd period - Icing by Yannick Weber.
9:48 of 2nd period - Elias Lindholm wins face-off versus Marcus Johansson in Coyotes zone.
10:11 of 2nd period - Mark Borowiecki is hit by Brad Marchand and loses puck.
10:18 of 2nd period - Chris Phillips is hit by Rob Klinkhammer.
10:28 of 2nd period - Jonathan Ericsson is hit by Mark Borowiecki and loses puck.
10:36 of 2nd period - Minor Penalty to R.J. Umberger for Roughing.
10:37 of 2nd period - Elias Lindholm wins face-off versus Dana Tyrell in Coyotes zone.
11:57 of 2nd period - Snap shot by Jacob De La Rose.
11:57 of 2nd period - Stopped by Niklas Backstrom without a rebound.
11:58 of 2nd period - Marcus Johansson wins face-off versus Shane Harper in Wild zone.
12:36 of 2nd period - Penalty to R.J. Umberger is over, R.J. Umberger is back on ice.
12:56 of 2nd period - Icing by Craig Cunningham.
12:57 of 2nd period - Gabriel Dumont wins face-off versus Patrik Elias in Wild zone.
13:00 of 2nd period - Slapshot by Michal Jordan.
13:00 of 2nd period - Stopped by Niklas Backstrom with a rebound.
13:02 of 2nd period - Snap shot by Carter Ashton.
13:02 of 2nd period - Stopped by Niklas Backstrom with a rebound.
13:10 of 2nd period - Slapshot by Michal Jordan.
13:10 of 2nd period - Shot Blocked by Jonathan Ericsson.
13:12 of 2nd period - Slapshot by Michal Jordan.
13:12 of 2nd period - Deflect By Bobby Butler.
13:12 of 2nd period - Stopped by Niklas Backstrom with a rebound.
13:14 of 2nd period - Wrist shot by Bobby Butler.
13:14 of 2nd period - Shot Misses the Net.
13:38 of 2nd period - Jonathan Ericsson is hit by Bobby Butler and loses puck.
14:03 of 2nd period - Wrist shot by R.J. Umberger.
14:03 of 2nd period - Stopped by Niklas Backstrom without a rebound.
14:04 of 2nd period - Gabriel Dumont wins face-off versus Derek Stepan in Wild zone.
14:56 of 2nd period - Slapshot by Max Talbot.
14:56 of 2nd period - Deflect By Patrik Elias.
14:56 of 2nd period - Shot Misses the Net.
14:56 of 2nd period - Puck is out of play.
14:57 of 2nd period - Patrik Elias wins face-off versus R.J. Umberger in Coyotes zone.
15:05 of 2nd period - Minor Penalty to Mark Borowiecki for Roughing.
15:06 of 2nd period - Marcus Johansson wins face-off versus Elias Lindholm in Coyotes zone.
15:12 of 2nd period - Wrist shot by Marcus Johansson.
15:12 of 2nd period - Shot Misses the Net.
15:18 of 2nd period - Snap shot by Marcus Johansson.
15:18 of 2nd period - Stopped by Magnus Hellberg without a rebound.
15:19 of 2nd period - Elias Lindholm wins face-off versus Marcus Johansson in Coyotes zone.
15:44 of 2nd period - Wrist shot by Thomas Vanek.
15:44 of 2nd period - Shot Blocked by Michal Jordan.
16:06 of 2nd period - Slapshot by Elias Lindholm.
16:06 of 2nd period - Goal by Elias Lindholm - Wild : 4 - Coyotes : 4.
16:07 of 2nd period - Elias Lindholm wins face-off versus Patrik Elias in neutral zone.
16:36 of 2nd period - Wrist shot by Patrik Elias.
16:36 of 2nd period - Shot Misses the Net.
16:38 of 2nd period - Slapshot by Chris Phillips.
16:38 of 2nd period - Shot Blocked by Eric Nystrom.
17:05 of 2nd period - Penalty to Mark Borowiecki is over, Mark Borowiecki is back on ice.
17:33 of 2nd period - Slapshot by Patrik Elias.
17:33 of 2nd period - Stopped by Magnus Hellberg with a rebound.
17:35 of 2nd period - Slapshot by Cody Franson.
17:35 of 2nd period - Shot Misses the Net.
18:16 of 2nd period - Tuomo Ruutu is hit by Rob Klinkhammer and loses puck.
18:44 of 2nd period - Wrist shot by Jonathan Marchessault.
18:44 of 2nd period - Stopped by Niklas Backstrom without a rebound.
18:45 of 2nd period - Derek Stepan wins face-off versus Gabriel Dumont in Wild zone.
19:08 of 2nd period - Luke Schenn is hit by T.J. Brennan and loses puck.
19:17 of 2nd period - Slapshot by Michal Jordan.
19:17 of 2nd period - Stopped by Niklas Backstrom with a rebound.
19:31 of 2nd period - Snap shot by Bobby Butler.
19:31 of 2nd period - Stopped by Niklas Backstrom with a rebound.
19:33 of 2nd period - Slapshot by Mark Borowiecki.
19:33 of 2nd period - Stopped by Niklas Backstrom with a rebound.
19:43 of 2nd period - Slapshot by Yannick Weber.
19:43 of 2nd period - Shot Blocked by Luke Schenn.
Goals for this period are 1 for Wild vs 3 for Coyotes.
Shots for this period are 5 for Wild vs 16 for Coyotes.

3rd period


0:01 of 3rd period - Elias Lindholm wins face-off versus Marcus Johansson in neutral zone.
0:18 of 3rd period - Luke Schenn is hit by Mark Borowiecki and loses puck.
0:23 of 3rd period - Wrist shot by Elias Lindholm.
0:23 of 3rd period - Shot Blocked by Cody Franson.
0:31 of 3rd period - Wrist shot by Elias Lindholm.
0:31 of 3rd period - Stopped by Niklas Backstrom without a rebound.
0:32 of 3rd period - Tobias Rieder wins face-off versus Derek Stepan in Wild zone.
0:37 of 3rd period - Snap shot by Tobias Rieder.
0:37 of 3rd period - Shot Blocked by Chris Phillips.
0:39 of 3rd period - Wrist shot by Tobias Rieder.
0:39 of 3rd period - Shot Misses the Net.
0:41 of 3rd period - Slapshot by R.J. Umberger.
0:41 of 3rd period - Stopped by Niklas Backstrom with a rebound.
0:43 of 3rd period - Slapshot by Andrej Sustr.
0:43 of 3rd period - Deflect By Cody McCormick.
0:43 of 3rd period - Stopped by Niklas Backstrom with a rebound.
0:45 of 3rd period - Snap shot by R.J. Umberger.
0:45 of 3rd period - Shot Misses the Net.
0:47 of 3rd period - Slapshot by R.J. Umberger.
0:47 of 3rd period - Stopped by Niklas Backstrom with a rebound.
0:49 of 3rd period - Snap shot by Tobias Rieder.
0:49 of 3rd period - Goal by Tobias Rieder - Wild : 4 - Coyotes : 5.
0:50 of 3rd period - Elias Lindholm wins face-off versus Marcus Johansson in neutral zone.
0:59 of 3rd period - Wrist shot by David Jones.
0:59 of 3rd period - Shot Blocked by Luke Schenn.
3:09 of 3rd period - Patrik Elias is hit by David Jones and loses puck.
3:34 of 3rd period - Slapshot by Patrik Elias.
3:34 of 3rd period - Stopped by Magnus Hellberg with a rebound.
3:36 of 3rd period - Slapshot by Max Talbot.
3:36 of 3rd period - Stopped by Magnus Hellberg with a rebound.
3:58 of 3rd period - Tobias Rieder is hit by Chris Phillips and loses puck.
4:05 of 3rd period - Backhand shot by Yannick Weber.
4:05 of 3rd period - Shot Blocked by Mark Streit.
4:07 of 3rd period - Snap shot by R.J. Umberger.
4:07 of 3rd period - Stopped by Niklas Backstrom with a rebound.
4:09 of 3rd period - Wrist shot by Henrik Tommernes.
4:09 of 3rd period - Shot Blocked by Chris Phillips.
4:33 of 3rd period - Wrist shot by Derek Stepan.
4:33 of 3rd period - Stopped by Magnus Hellberg without a rebound.
4:34 of 3rd period - Derek Stepan wins face-off versus Gabriel Dumont in Coyotes zone.
5:09 of 3rd period - Wrist shot by Tobias Rieder.
5:09 of 3rd period - Stopped by Niklas Backstrom without a rebound.
5:10 of 3rd period - Craig Cunningham wins face-off versus Tobias Rieder in Wild zone.
5:58 of 3rd period - Snap shot by Elias Lindholm.
5:58 of 3rd period - Goal by Elias Lindholm - Wild : 4 - Coyotes : 6.
5:59 of 3rd period - Marcus Johansson wins face-off versus Gabriel Dumont in neutral zone.
6:04 of 3rd period - Snap shot by Marcus Johansson.
6:04 of 3rd period - Deflect By Brad Marchand.
6:04 of 3rd period - Stopped by Magnus Hellberg without a rebound.
6:05 of 3rd period - Gabriel Dumont wins face-off versus Marcus Johansson in Coyotes zone.
6:12 of 3rd period - Off-side.
6:13 of 3rd period - Marcus Johansson wins face-off versus Shane Harper in neutral zone.
6:28 of 3rd period - Slapshot by Marcus Johansson.
6:28 of 3rd period - Stopped by Magnus Hellberg without a rebound.
6:29 of 3rd period - Derek Stepan wins face-off versus Elias Lindholm in Coyotes zone.
7:03 of 3rd period - Minor Penalty to Derek Stepan for Tripping.
7:04 of 3rd period - Cody McCormick wins face-off versus Shane Harper in Wild zone.
7:19 of 3rd period - Snap shot by R.J. Umberger.
7:19 of 3rd period - Shot Misses the Net.
7:56 of 3rd period - Cody McCormick is hit by T.J. Brennan and loses puck.
8:36 of 3rd period - Slapshot by R.J. Umberger.
8:36 of 3rd period - Shot Hit the Post.
8:46 of 3rd period - Eric Nystrom is hit by Chris Phillips and loses puck.
9:03 of 3rd period - Penalty to Derek Stepan is over, Derek Stepan is back on ice.
9:37 of 3rd period - Snap shot by Bobby Butler.
9:37 of 3rd period - Shot Misses the Net.
9:39 of 3rd period - Snap shot by Bobby Butler.
9:39 of 3rd period - Stopped by Niklas Backstrom with a rebound.
9:41 of 3rd period - Snap shot by Carter Ashton.
9:41 of 3rd period - Deflect By Bobby Butler.
9:41 of 3rd period - Stopped by Niklas Backstrom with a rebound.
9:47 of 3rd period - Minor Penalty to Cody Franson for Hooking.
9:48 of 3rd period - Cody McCormick wins face-off versus Shane Harper in Wild zone.
11:40 of 3rd period - Slapshot by Craig Cunningham.
11:40 of 3rd period - Shot Blocked by Shane Harper.
11:42 of 3rd period - Slapshot by Luke Schenn.
11:42 of 3rd period - Shot Blocked by Yannick Weber.
11:44 of 3rd period - Minor Penalty to T.J. Brennan for Slashing.
11:45 of 3rd period - Cody McCormick wins face-off versus Elias Lindholm in Coyotes zone.
11:46 of 3rd period - Snap shot by Thomas Vanek.
11:46 of 3rd period - Stopped by Magnus Hellberg without a rebound.
11:47 of 3rd period - Penalty to Cody Franson is over, Cody Franson is back on ice.
11:47 of 3rd period - Elias Lindholm wins face-off versus Patrik Elias in Coyotes zone.
12:20 of 3rd period - Elias Lindholm is hit by Marcus Johansson.
12:36 of 3rd period - Slapshot by Elias Lindholm.
12:36 of 3rd period - Shot Blocked by Mark Streit.
12:38 of 3rd period - Wrist shot by Eric Nystrom.
12:38 of 3rd period - Stopped by Niklas Backstrom without a rebound.
12:39 of 3rd period - Patrik Elias wins face-off versus Elias Lindholm in Wild zone.
12:39 of 3rd period - Patrik Elias is hit by Elias Lindholm.
13:44 of 3rd period - Penalty to T.J. Brennan is over, T.J. Brennan is back on ice.
13:55 of 3rd period - Slapshot by Marek Zidlicky.
13:55 of 3rd period - Shot Blocked by Yannick Weber.
14:39 of 3rd period - Wrist shot by Gabriel Dumont.
14:39 of 3rd period - Stopped by Niklas Backstrom with a rebound.
14:41 of 3rd period - Slapshot by Andrej Sustr.
14:41 of 3rd period - Stopped by Niklas Backstrom with a rebound.
14:43 of 3rd period - Slapshot by Andrej Sustr.
14:43 of 3rd period - Deflect By Marek Zidlicky.
14:43 of 3rd period - Stopped by Niklas Backstrom with a rebound.
14:45 of 3rd period - Slapshot by Yannick Weber.
14:45 of 3rd period - Stopped by Niklas Backstrom without a rebound.
14:46 of 3rd period - Derek Stepan wins face-off versus Shane Harper in Wild zone.
14:52 of 3rd period - Minor Penalty to Derek Stepan for Tripping.
14:53 of 3rd period - Cody McCormick wins face-off versus Shane Harper in Wild zone.
15:59 of 3rd period - Snap shot by David Jones.
15:59 of 3rd period - Goal by David Jones - Wild : 4 - Coyotes : 7.
16:00 of 3rd period - Gabriel Dumont wins face-off versus Patrik Elias in neutral zone.
16:11 of 3rd period - Max Talbot is hit by Jonathan Marchessault and loses puck.
16:36 of 3rd period - Craig Cunningham is hit by Gabriel Dumont and loses puck.
16:49 of 3rd period - Jonathan Ericsson is hit by R.J. Umberger and loses puck.
17:16 of 3rd period - Wrist shot by Tuomo Ruutu.
17:16 of 3rd period - Shot Misses the Net.
17:46 of 3rd period - Slapshot by Jordan Eberle.
17:46 of 3rd period - Shot Misses the Net.
17:48 of 3rd period - Slapshot by Luke Schenn.
17:48 of 3rd period - Shot Blocked by Mark Borowiecki.
17:50 of 3rd period - Slapshot by Cody Franson.
17:50 of 3rd period - Shot Misses the Net.
17:52 of 3rd period - Snap shot by Derek Stepan.
17:52 of 3rd period - Goal by Derek Stepan - Wild : 5 - Coyotes : 7.
17:53 of 3rd period - Elias Lindholm wins face-off versus Marcus Johansson in neutral zone.
17:55 of 3rd period - Off-side.
17:56 of 3rd period - Brad Marchand wins face-off versus Elias Lindholm in neutral zone.
18:27 of 3rd period - Chris Phillips is hit by David Jones.
18:48 of 3rd period - Mark Borowiecki is hit by Craig Cunningham and loses puck.
18:59 of 3rd period - Snap shot by Patrik Elias.
18:59 of 3rd period - Shot Misses the Net.
19:01 of 3rd period - Slapshot by Max Talbot.
19:01 of 3rd period - Stopped by Magnus Hellberg without a rebound.
19:02 of 3rd period - Derek Stepan wins face-off versus Gabriel Dumont in Coyotes zone.
19:27 of 3rd period - Wrist shot by Gabriel Dumont.
19:27 of 3rd period - Shot Blocked by Cody McCormick.
19:29 of 3rd period - Snap shot by Andrej Sustr.
19:29 of 3rd period - Shot Blocked by Luke Schenn.
19:59 of 3rd period - Rob Klinkhammer is hit by Dale Weise and loses puck.
Goals for this period are 1 for Wild vs 3 for Coyotes.
Shots for this period are 8 for Wild vs 16 for Coyotes.